 Dungeon Crawl Stone Soup version 0.30-a0-1082-g70414cbcbb (webtiles) character file.

Game seed: 16232527020448298763

294 HoaS the Shooter (level 6, 0/44 HPs)
             Began as a Formicid Hunter on Apr 15, 2023.
             Killed from afar by an orc wizard (13 damage)
             ... with a puff of flame
             ... on level 4 of the Dungeon.
             The game lasted 00:06:57 (2947 turns).

HoaS the Shooter (Formicid Hunter)                  Turns: 2947, Time: 00:06:58

Health: 0/44       AC:  3    Str: 15    XL:     6   Next: 60%
Magic:  6/6        EV: 10    Int:  9    God:
Gold:   117        SH:  0    Dex: 19    Spells: 5/5 levels left

rFire   . . .      SeeInvis +    a - +2 shortbow
rCold   . . .      Faith    .    e - +1 kite shield
rNeg    . . .      Spirit   .    c - +0 leather armour
rPois   .          Reflect  .    (helmet unavailable)
rElec   .          Rampage  .    (no cloak)
rCorr   .                        (no gloves)
Will    .....                    (no boots)
Stlth   +                        (no amulet)
HPRegen 0.27/turn                (no ring)
MPRegen 0.10/turn                (no ring)

@: confused
A: permanent stasis, dig shafts and tunnels, antennae 3, four strong arms
a: Dig, Shaft Self


You were on level 4 of the Dungeon.
You visited 1 branch of the dungeon, and saw 5 of its levels.

You collected 150 gold pieces.
You spent 33 gold pieces at shops.

Inventory:

Hand Weapons
 a - a +2 shortbow (weapon)
Armour
 c - a +0 leather armour (worn)
 e - a +1 kite shield (worn)
Scrolls
 b - 2 scrolls of immolation
Potions
 d - a potion of lignification {unknown}
 f - 3 potions of curing
 g - 2 potions of attraction
 h - a potion of degeneration {unknown}
 i - 2 potions of haste {unknown}
 j - a potion of might {unknown}
 k - a potion of ambrosia {unknown}


   Skills:
 - Level 2.1 Fighting
 * Level 6.9 Ranged Weapons
 - Level 1.7 Dodging
 - Level 1.2 Stealth
 + Level 3.1 Shields


You had 5 spell levels left.
You didn't know any spells.
Your spell library was empty.

Dungeon Overview and Level Annotations

Branches:
Dungeon (5/15)
 Temple: D:4-7

Altars:
Nemelex Xobeh
Qazlal
Trog
The Shining One

Shops:
D:1 :   D:3 :*:**

Annotations:
D:4 Sigmund
D:5 exclusion: ogre


Innate Abilities, Weirdness & Mutations

You cannot be hasted, slowed, berserked, paralysed or teleported.
You can dig through walls and to a lower floor.
You have a pair of large antennae on your head. (SInv)
Your four strong arms can wield two-handed weapons with a shield.


Message History

You shoot an arrow. The arrow hits the orc wizard!
The orc wizard is almost dead.
The orc wizard hits you with a +0 dagger.
You shoot an arrow. The arrow barely misses the orc wizard.
The arrow hits the orc wizard but does no damage.
The orc wizard gestures wildly while chanting.
The orc wizard flickers and vanishes for a moment.
The orc wizard barely misses you. You block the orc's attack.
You block the orc wizard's attack.
Things that are here:
a +0 club; an orc corpse You shoot an arrow.
The arrow hits the orc wizard but does no damage.
The orc wizard gestures at you while chanting.
You resist with some effort. You block the orc wizard's attack.
The orc hits you with a +0 flail. You block the orc wizard's attack.
You block the orc's attack.
The orc wizard hits you but does no damage.
You shoot an arrow. The arrow hits the orc wizard.
The orc wizard is almost dead.
The orc wizard hits you with a +0 dagger.
The orc hits you with a +0 flail. You block the orc wizard's attack.
You shoot an arrow. The arrow barely misses the orc wizard.
The orc wizard hits you with a +0 dagger.
The orc wizard points at you and mumbles some strange words.
You are confused.
The orc hits you with a +0 flail.
You clumsily bash the orc wizard but do no damage.
The orc wizard is almost dead.
The orc wizard hits you with a +0 dagger.
The orc barely misses you.
The orc wizard points at you and mumbles some strange words.
You are more confused.
The orc wizard hits you but does no damage.
The orc wizard barely misses you. The orc barely misses you.
You clumsily bash the orc wizard but do no damage.
The orc wizard is almost dead.
The orc wizard gestures at you while chanting.
The puff of flame hits you!
You die...

.. .# ###.# { ..#.##
# #######.#..
####.#...o.#.#.###.##
#....#..##@#.#.......
#.......#.oo.......#
#.......#..#.#.##....
#.......#..#.#.# #
#..........#.#..
#..........#.....
.......>..........
#..........#.......
#.##########...#..##


You could see 2 orc wizards and an orc.

Vanquished Creatures
  2 hounds
  An orc priest (D:4)
  Natasha (thrice) (D:3)
  6 adders
  A shadow imp (D:5)
  3 worms (D:2)
  3 dart slugs
  An orc (D:5)
  8 bats
  4 endoplasms
  3 goblins
  2 hobgoblins (D:2)
  3 jackals (D:4)
  5 quokkas
  5 ball pythons
  3 kobolds
  5 rats
58 creatures vanquished.

Notes
Turn   | Place    | Note
-------+----------+-------------------------------------------
     0 | D:1      | HoaS the Formicid Hunter began the quest for the Orb.
     0 | D:1      | Reached XP level 1. HP: 16/16 MP: 1/1
   147 | D:1      | Reached XP level 2. HP: 22/22 MP: 2/2
   193 | D:1      | Found a faded altar of an unknown god.
   504 | D:1      | Found Jeimyuz's Book Boutique.
  1049 | D:2      | Reached skill level 5 in Ranged Weapons
  1049 | D:2      | Reached XP level 3. HP: 27/27 MP: 3/3
  1197 | D:2      | Reached XP level 4. HP: 32/33 MP: 4/4
  1780 | D:3      | Found Raan's General Store.
  1794 | D:3      | Found Xacaicya's Book Shop.
  1835 | D:3      | Found a sparkling altar of Nemelex Xobeh.
  1845 | D:3      | Found a glowing golden altar of the Shining One.
  1945 | D:3      | Found a bloodstained altar of Trog.
  2014 | D:3      | Noticed Natasha
  2021 | D:3      | Killed Natasha
  2022 | D:3      | Reached skill level 6 in Ranged Weapons
  2022 | D:3      | Reached skill level 1 in Shields
  2022 | D:3      | Reached XP level 5. HP: 34/38 MP: 5/5
  2060 | D:3      | Found Enkalumi's Assorted Antiques.
  2137 | D:3      | Noticed Natasha
  2154 | D:3      | Killed Natasha
  2183 | D:3      | Found Egroiheu's General Store.
  2191 | D:3      | Bought a potion of curing for 33 gold pieces
  2278 | D:3      | Noticed Natasha
  2282 | D:3      | Killed Natasha
  2309 | D:3      | Found Tapoagry's Book Emporium.
  2425 | D:4      | Found a stormy altar of Qazlal.
  2427 | D:4      | Noticed a water elemental
  2427 | D:4      | Noticed a fire elemental
  2428 | D:4      | Noticed an air elemental
  2444 | D:4      | Noticed Sigmund
  2473 | D:4      | Noticed a lemure
  2476 | D:4      | Reached XP level 6. HP: 41/44 MP: 6/6
  2521 | D:4      | You fall into a shaft and drop 1 floor!
  2521 | D:5      | Entered Level 5 of the Dungeon
  2652 | D:5      | Noticed an ogre
  2947 | D:4      | Killed from afar by an orc wizard

Illustrated notes

Levels and vault maps discovered:
D:1:      amcnicky_arrival_single_pillar, layout_loops_corners,
          basic_ecumenical_altar, serial_shops, nicolae_shop_waterfront
D:2:      layout_basic, minmay_mini_jars
D:3:      layout_basic, mainiacjoe_overflow_cross_hatched,
          mainiacjoe_overflow_small_starburst, overflow_temple_1_default,
          serial_shops, nicolae_shop_behind_doors, shop, shop, shop, shop,
          serial_bayou_ford_a, uniq_natasha
D:4:      layout_basic, nicolae_qazlal_style_of_elements,
          nicolae_wu_jian_wuxing_cycle, minmay_temple_entry_nine_rooms,
          uniq_sigmund, uniq_grinder, uniq_pikel
D:5:      layout_loops_corners, uniq_blork_the_orc

Skill      XL: |  1  2  3  4  5  6 |
---------------+-------------------+-----
Ranged Weapons | 5 6 |  6.9
Shields        | 1 2 3 |  3.1
Fighting       | |  2.1
Dodging        | |  1.7
Stealth        | |  1.2

Action                     |  1- 3 |  4- 6 || total
---------------------------+-------+-------++-------
  Melee: Shortbow          |       |     2 ||     2
   Fire: Shortbow          |    58 |   116 ||   174
Ability: Dig               |       |     1 ||     1
         Shaft Self        |       |     1 ||     1
    Use: Scroll            |     5 |     8 ||    13
 Armour: Leather armour    |     1 |    16 ||    17
  Dodge: Dodged            |    17 |    30 ||    47
  Block: Kite shield       |       |    36 ||    36

Table legend: (Time is in decaauts)
 A = Elapsed time spent in this place.
 B = Non-inter-level travel time spent in this place.
 C = Inter-level travel time spent in this place.
 D = Time resting spent in this place.
 E = Time spent auto-exploring this place.
 F = Levels seen in this place.
 G = Mean time per level.
                   A        B        C        D        E       F      G
               +--------+--------+--------+--------+--------+-----+--------+
         Total |   3010 |   2910 |    100 |    398 |   2023 |   5 |  602.0 |
       Dungeon |   3010 |   2910 |    100 |    398 |   2023 |   5 |  602.0 |
               +--------+--------+--------+--------+--------+-----+--------+

Top non-repeatable levels by time:
     D:2: 908 daAuts
     D:1: 856 daAuts
     D:3: 680 daAuts
     D:5: 381 daAuts
     D:4: 183 daAuts
